 Dungeon Crawl Stone Soup version 0.30-a0-528-g8c47a4955b (webtiles) character file.

Game seed: 13106031106104289111

18622 kae the Transmogrifier (level 12, -13/84 HPs)
             Began as a Demonspawn Transmuter on Dec 23, 2022.
             Was an Initiate of Ru.
             Mangled by a skeletal warrior
             ... wielding a +1 halberd of flaming
              (22 damage)
             ... in a volcano.
             The game lasted 00:17:28 (14571 turns).

kae the Transmogrifier (Demonspawn Transmuter)     Turns: 14571, Time: 00:17:29

Health: -13/84     AC: 10    Str: 11    XL:     12   Next: 29%
Magic:  0/23       EV: 13    Int: 17    God:    Ru [......]
Gold:   1633       SH:  0    Dex: 16    Spells: 5/26 levels left

rFire   + + .      SeeInvis .      - Unarmed
rCold   x . .      Faith    .    (shield currently unavailable)
rNeg    . . .      Spirit   +    j - +0 troll leather armour
rPois   .          Reflect  .    K - +1 hat
rElec   .          Harm     .    (no cloak)
rCorr   .          Rampage  .    (gloves currently unavailable)
Will    .....                    o - +2 pair of boots of the Past {Fly}
Stlth   +                        G - amulet of guardian spirit
HPRegen 1.14/turn                F - ring of protection from fire
MPRegen 0.18/turn                f - ring of fire

@: blade hands, flying
A: icy blue scales 1, demonic guardian 1, demonic magic 3, corrupting presence
1, weakness stinger 2, mutation resistance 1
a: End Transformation, Renounce Religion, Sacrifice Love, Sacrifice Arcana,
Sacrifice Stealth, Reject Sacrifices


You were in a volcano.
You worshipped Ru.
Ru was noncommittal.
You had blades for hands.
You visited 3 branches of the dungeon, and saw 14 of its levels.
You also visited: Ossuary and Volcano.

You collected 1658 gold pieces.
You spent 25 gold pieces at shops.


Innate Abilities, Weirdness & Mutations

You have blades for hands.
Your spellcasting is less reliable in this form.
You are incapable of wielding weapons or throwing items.
You are partially covered in icy blue scales. (AC +2)
A weak demonic guardian rushes to your aid.
Spells you cast and wands you use may paralyse nearby enemies.
Your presence sometimes corrodes those you injure.
You have a tail ending in a sharp stinger.
You are somewhat resistant to further mutation.


   Skills:
 + Level 4.5 Fighting
 + Level 4.5 Dodging
 * Level 8.9 Unarmed Combat
 + Level 7.5 Spellcasting
 * Level 10.4 Transmutations
 - Level 6.0 Ice Magic
 * Level 7.0 Earth Magic
 - Level 2.4 Poison Magic


You had 5 spell levels left.
You knew the following spells:

 Your Spells              Type           Power      Damage    Failure   Level
a - Beastly Appendage     Tmut           82%        N/A       9%          1
b - Wereblood             Tmut           41%        N/A       10%         2
c - Spider Form           Tmut/Pois      28%        N/A       26%         3
d - Ice Form              Ice/Tmut       34%        N/A       32%         4
e - Blade Hands           Tmut           20%        N/A       34%         5
f - Statue Form           Tmut/Erth      24%        N/A       88%         6

Your spell library contained the following spells:

 Spells                   Type           Power      Damage    Failure   Level
 Passwall                 Tmut/Erth      30%        N/A       13%         2
 Sandblast                Erth           60%        2d14      14%         1
 Ozocubu's Armour         Ice            27%        N/A       28%         3
 Stone Arrow              Conj/Erth      36%        3d9       45%         3
 Poisonous Vapours        Pois/Air       20%        N/A       52%         2
 Apportation              Tloc           12%        N/A       54%         1
 Foxfire                  Conj/Fire      36%        2x1d5     54%         1
 Cigotuvi's Dreadful Rot  Necr/Pois/Air  18%        N/A       56%         2
 Sublimation of Blood     Necr           6%         N/A       65%         2
 Lee's Rapid Deconstruct  Erth           15%        3d10*     65%         5
 Alistair's Intoxication  Tmut/Pois      18%        N/A       71%         5
 Mephitic Cloud           Conj/Pois/Air  9%         N/A       73%         3
 Leda's Liquefaction      Hex/Erth       9%         N/A       75%         4
 Irradiate                Conj/Tmut      12%        3d15      83%         5
 Metabolic Englaciation   Hex/Ice        8%         N/A       97%         5
 Fireball                 Conj/Fire      4%         3d4       100%        5
 Iskenderun's Battlesphe  Conj           6%         2d6       100%        5
 Dragon Form              Tmut           20%        N/A       99%         7
 Iron Shot                Conj/Erth      9%         9d3       100%        6
 Simulacrum               Ice/Necr       8%         N/A       100%        6
 Starburst                Conj/Fire      4%         6d4       100%        6
 Spellforged Servitor     Conj/Summ      3%         N/A       100%        7
 Summon Hydra             Summ           3%         N/A       100%        7

Inventory:

Missiles
 a - 72 stones
 k - 11 boomerangs
 l - 35 poisoned darts
 m - 9 throwing nets {=f!f}
 s - 5 curare-tipped darts {=f}
Armour
 j - a +0 troll leather armour (worn)
   (You found it on level 9 of the Dungeon)
 o - the +2 pair of boots of the Past (worn) {Fly}
   (You found it on level 2 of the Dungeon)

   Fly:       It grants you flight.
 K - a +1 hat (worn)
   (You took it off Gastronok on level 11 of the Dungeon)
Magical Staves
 v - a staff of death {!a}
   (You found it on level 7 of the Dungeon)
Jewellery
 f - a ring of fire (right blade hand)
   (You found it on level 11 of the Dungeon)
 w - the Hermit's Pendant {Faith Invo=14 Evo=0 MP+5}
   (You found it on level 5 of the Dungeon)

   [amulet of faith]

   It sets your invocations skill to 14 and your evocations skill to 0.
   It allows you to gain divine favour quickly.
   MP:        It affects your magic capacity (+5).
 F - a ring of protection from fire (left blade hand)
   (You found it on level 10 of the Dungeon)
 G - an amulet of guardian spirit (around neck)
   (You found it on level 2 of the Dungeon)
 S - a +6 ring of strength
   (You found it on level 1 of the Dungeon)
 Z - a ring of wizardry
   (You took it off a goblin on level 2 of the Dungeon)
Wands
 x - a wand of iceblast (8)
   (You found it on level 4 of the Dungeon)
 z - a wand of flame (24)
   (You took it off Pikel on level 8 of the Dungeon)
 D - a wand of polymorph (6)
   (You took it off a kobold on level 9 of the Dungeon)
 H - a wand of acid (11)
   (You found it on level 10 of the Dungeon)
 L - a wand of mindburst (7)
   (You found it on level 12 of the Dungeon)
Scrolls
 i - 3 scrolls of teleportation {@r4}
 n - 2 scrolls of blinking {!r}
 q - 2 scrolls of fear
 r - 3 scrolls of brand weapon
 t - 2 scrolls of fog
 u - 2 scrolls of silence {!r}
 y - a scroll of enchant armour
 C - a scroll of poison {!r}
 I - a scroll of magic mapping {!r}
Potions
 b - a potion of lignification {!q}
 c - 2 potions of haste {@q3}
 d - 8 potions of curing {@q1}
 e - 5 potions of flight
 g - 4 potions of degeneration {!q}
 h - 2 potions of magic
 p - 2 potions of brilliance
 A - 3 potions of ambrosia
 B - 2 potions of might
 E - 2 potions of heal wounds {unknown}
 J - 2 potions of mutation {!q}
 N - a potion of cancellation {unknown}

Dungeon Overview and Level Annotations

Branches:
Dungeon (12/15) Zot: 26005  Temple (1/1) D:7 Zot: 5928    Lair (1/5) D:9 Zot: 5923
    Orc (0/2) D:12        Ossuary (visited)         Volcano (1/1) Zot: 5810

Altars:
Ashenzari
Cheibriados
Dithmenos
Fedhas
Gozag
Hepliaklqana
Kikubaaqudgha
Makhleb
Nemelex Xobeh
Okawaru
Qazlal
Ru
Sif Muna
Trog
Uskayaw
Vehumet
Wu Jian
Xom
Yredelemnul

Shops:
D:6 *   D:8 =*

Annotations:
D:7 Maggie
D:8 3 runed translucent doors, initializr's ghost, novice HOFE

##.......§§.≈§§§§§≈≈≈
#...........≈≈§§§≈§§
###.........§≈≈≈≈≈≈≈
###.........≈.§≈≈§≈
##..............§§≈.
##..#####............
#.z## ##........#.#
##..#### ###..##.....
##4@.∩# ##########
######


You could see a skeletal warrior (ally target) and a friendly rust devil
(summoned).


Message History

😱 HP[-25] MP[-7]
You take 25 damage, and now have 19/84 hp.
MASSIVE DAMAGE!! (PAUSE)
You lost 7 mp, and now have 5/23 mp.
Really read
n - 3 scrolls of blinking {!r}?
Blink to where?
Press: ? - help, Dir - move target You escape the anaconda skeleton's grasp.
As you read the scroll of blinking {!r}, it crumbles to dust. 😱 HP[+1]
Your transformation is almost over.
Your quasit barely misses the anaconda skeleton.
Your quasit misses the anaconda skeleton.
Your quasit claws the anaconda skeleton.
The anaconda skeleton grabs your quasit.
The anaconda skeleton barely misses your quasit.
The anaconda skeleton constricts your quasit. 😱 HP[+1] In the distance, the volcano erupts with a roar.
Your quasit struggles to escape constriction.
Something bites your quasit.
Your quasit is constricted.
Your quasit struggles to escape constriction. 😨 HP[+2]
You regained 2 hp, and now have 23/84 hp. 😨 HP[+1] 😨 HP[+1] MP[+1] 😨 HP[+1] 😨 HP[+1] 😨 HP[+1] 😨 HP[+1]
Your hands revert to their normal proportions. 😨 HP[+2]
You regained 2 hp, and now have 31/84 hp. 😨 HP[+1] MP[+1] 😨 HP[+1] 😨 HP[+1] 😨 HP[+1] 😨 HP[+1] 😨 HP[+1] MP[+1] 😨 HP[+1] 😨 HP[+2]
You regained 2 hp, and now have 40/84 hp. 😨 HP[+1] 😨 HP[+1] 😮 HP[+1] 😮 HP[+1] MP[+1] 😮 HP[+1] 😮 HP[+1] 😮 HP[+2]
You regained 2 hp, and now have 48/84 hp. 😮 HP[+1] 😮 HP[+1] MP[+1] 😮 HP[+1] 😮 HP[+1]
The air gets thick with the scent of sulphur.
There is a rocky tunnel leading out of this place here. 😮 HP[+1]
You start resting.
In the distance, the volcano erupts with a roar. 😮 HP[+4] MP[+1]
You regained 4 hp, and now have 57/84 hp.
You start resting.
A skeletal warrior is nearby! 😮 HP[+3]
You regained 3 hp, and now have 60/84 hp.
Casting: Blade Hands (dangerous; 5% risk of failure)
Confirm with . or Enter, or press ? or * to list all spells.
Your hands turn into razor-sharp scythe blades.
Malevolent energies surge around you.
The skeletal warrior closely misses you. 😮 HP[+1] MP[-5]
You lost 5 mp, and now have 6/23 mp.
The skeletal warrior hits you with a +1 halberd of flaming!!
* * * LOW HITPOINT WARNING * * *
The skeletal warrior burns you.
* * * LOW HITPOINT WARNING * * *
😨 HP[-21] MP[-2]
You take 21 damage, and now have 40/84 hp.
MASSIVE DAMAGE!! (PAUSE)
You lost 2 mp, and now have 4/23 mp.
You barely miss the skeletal warrior. 😨 HP[+1]
You hit the skeletal warrior.
The skeletal warrior hits you with a +1 halberd of flaming!!
* * * LOW HITPOINT WARNING * * *
The skeletal warrior burns you.
* * * LOW HITPOINT WARNING * * *
😨 HP[-19] MP[-2]
You take 19 damage, and now have 22/84 hp.
MASSIVE DAMAGE!! (PAUSE)
You lost 2 mp, and now have 2/23 mp.
The skeletal warrior hits you from afar with a +1 halberd of flaming!
* * * LOW HITPOINT WARNING * * *
A demonic guardian appears!
There is a rocky tunnel leading out of this place, spattered with blood here. 😱 HP[-14] MP[-1]
You take 14 damage, and now have 8/84 hp.
You lost 1 mp, and now have 1/23 mp.
The skeletal warrior hits you from afar with a +1 halberd of flaming!!
You die...

Skill      XL: |  1  2  3  4  5  6  7  8  9 10 11 12 |
---------------+-------------------------------------+-----
Transmutations | 2 3 4 5 6 8 9 10 | 10.4
Unarmed Combat | 3 4 5 6 7 8 |  8.9
Poison Magic   | 1 2 |  2.4
Spellcasting   | 3 4 5 6 7 |  7.5
Ice Magic      | 1 3 4 6 |  6.0
Earth Magic    | 2 4 6 7 |  7.0
Dodging        | 2 4 |  4.5
Fighting       | 2 4 |  4.5

Action                   |  1- 3 |  4- 6 |  7- 9 | 10-12 || total
-------------------------+-------+-------+-------+-------++-------
Melee: Unarmed           |    77 |   181 |   318 |   423 ||   999
       Kick              |    13 |     9 |       |       ||    22
       Headbutt          |     8 |    10 |       |       ||    18
       Punch             |     1 |     2 |       |    16 ||    19
       Tailslap          |       |       |     4 |    43 ||    47
 Cast: Beastly Appendage |    20 |    14 |       |       ||    34
       Spider Form       |     1 |    24 |     2 |       ||    27
       Wereblood         |     1 |     1 |     6 |    17 ||    25
       Ice Form          |       |     1 |    29 |    27 ||    57
       Blade Hands       |       |       |       |    27 ||    27
       Statue Form       |       |       |       |     2 ||     2
Evoke: Wand              |       |       |       |     3 ||     3
  Use: Scroll            |     4 |     5 |     8 |     9 ||    26
       Potion            |       |       |     5 |     1 ||     6
 Stab: Sleeping          |     1 |     1 |       |       ||     2
       Paralysed         |       |     1 |    10 |     8 ||    19
       Distracted        |       |       |       |     1 ||     1
Armor: Robe              |    18 |    31 |     4 |       ||    53
       Skin              |       |     8 |   152 |   109 ||   269
       Troll leather arm |       |       |       |    34 ||    34
Dodge: Dodged            |    61 |   110 |   178 |   232 ||   581

Levels and vault maps discovered:
D:1:      dpeg_arrival_tiny_a, layout_loops_cross
D:2:      layout_basic
D:3:      layout_rooms, chequers_temple_overflow_statue_of_worship,
          hellmonk_ecumenical_altar_pennies_from_heaven, uniq_natasha
D:4:      layout_loops_ring, grunt_ministairs_3, grunt_decor_arrowhead
D:5:      layout_loops_ring, hellmonk_guarded_unrand_hermit, uniq_blork_the_orc,
          uniq_menkaure, uniq_edmund
D:6:      nicolae_cairo_tiling_very_big, layout_basic,
          nicolae_ossuary_entry_catacombs, nicolae_shop_gadgets
D:7:      layout_loops_ring, nicolae_ru_great_annihilating_truth,
          minmay_temple_entry_fiery, uniq_maggie
D:8:      lemuel_insect_pit, layout_cave_pools, ebering_ghost_xom,
          serial_gnoll_camp, gnoll_camp_mini_shop, gnoll_camp_mini_shop,
          gnoll_camp_mini_hut, gnoll_camp_mini_loothouse, gnoll_camp_mini_basic,
          hangedman_abyss_or_decor_stabs, uniq_pikel
D:9:      nicolae_BIG_FREAKIN_CUBE, layout_grid_maze, uniq_harold
D:10:     layout_basic
D:11:     layout_rooms, serial_bayou_lake_a, uniq_gastronok
D:12:     layout_gridville, orc_0_dummy
Temple:   hellmonk_temple_of_storms
Lair:1:   layout_roguey, nicolae_volcano_entry_two_sided, uniq_fannar,
          uniq_amaemon
Volcano:  volcano_tomb [vts_chambers]

Notes
Turn   | Place    | Note
-------+----------+-------------------------------------------
     0 | D:1      | kae the Demonspawn Transmuter began the quest for the Orb.
     0 | D:1      | Reached XP level 1. HP: 15/15 MP: 3/3
     0 | D:1      | magus.rc [v1.11.3]
   103 | D:1      | Reached skill level 2 in Transmutations
   200 | D:1      | Gained mutation: You are partially covered in icy blue
                  | scales. (AC +2) [demonic ancestry]
   200 | D:1      | Reached XP level 2. HP: 10/21 MP: 3/5
   458 | D:1      | Reached skill level 3 in Unarmed Combat
   620 | D:1      | Reached XP level 3. HP: 24/26 MP: 4/6
   623 | D:1      | Learned a level 2 spell: Wereblood
   627 | D:1      | Learned a level 3 spell: Spider Form
   973 | D:2      | HP: 6/26 [gnoll/+0 flail (8)]
  1084 | D:2      | Reached XP level 4. HP: 32/32 MP: 5/7
  1114 | D:2      | Identified the +2 pair of boots of the Past {Fly}
  1134 | D:2      | Reached skill level 1 in Poison Magic
  1135 | D:2      | Reached skill level 3 in Transmutations
  1198 | D:2      | You pick up a book of Geomancy and begin reading...
  1198 | D:2      | You add the spells Sandblast, Passwall and Stone Arrow to
                  | your library.
  1424 | D:2      | HP: 6/32 [gnoll/+0 spear (9)]
  2043 | D:3      | Noticed Natasha
  2056 | D:3      | Killed Natasha
  2080 | D:3      | Gained mutation: Spells you cast may paralyse adjacent
                  | enemies. [demonic ancestry]
  2080 | D:3      | Reached XP level 5. HP: 37/37 MP: 6/9
  2130 | D:3      | Found a broken altar of Ashenzari.
  2141 | D:3      | Found a shimmering altar of Xom.
  2159 | D:3      | Noticed Natasha
  2179 | D:3      | You pick up a book of Fire and begin reading...
  2179 | D:3      | You add the spells Foxfire, Fireball and Starburst to your
                  | library.
  2197 | D:3      | Killed Natasha
  2198 | D:3      | Reached skill level 2 in Poison Magic
  2437 | D:3      | Found a faded altar of an unknown god.
  2563 | D:3      | Noticed Natasha
  2570 | D:3      | Killed Natasha
  2889 | D:4      | Reached skill level 3 in Spellcasting
  2976 | D:4      | You pick up a book of Power and begin reading...
  2976 | D:4      | You add the spells Iskenderun's Battlesphere, Iron Shot and
                  | Spellforged Servitor to your library.
  3230 | D:4      | Noticed an ogre
  3239 | D:4      | Killed an ogre
  3240 | D:4      | Reached skill level 4 in Transmutations
  3240 | D:4      | Gained mutation: A weak demonic guardian rushes to your
                  | aid. [demonic ancestry]
  3240 | D:4      | Reached XP level 6. HP: 26/43 MP: 4/10
  3319 | D:4      | You pick up a book of the Earth and begin reading...
  3319 | D:4      | You add the spells Leda's Liquefaction, Lee's Rapid
                  | Deconstruction and Statue Form to your library.
  3384 | D:4      | Learned a level 4 spell: Ice Form
  3937 | D:4      | Reached skill level 1 in Ice Magic
  4057 | D:5      | Entered Level 5 of the Dungeon
  4065 | D:5      | Noticed an ice beast
  4073 | D:5      | Killed an ice beast
  4074 | D:5      | Reached skill level 4 in Unarmed Combat
  4074 | D:5      | Gained mutation: You have a small tail. [demonic ancestry]
  4074 | D:5      | Reached XP level 7. HP: 48/48 MP: 3/12
  4088 | D:5      | Reached skill level 2 in Ice Magic
  4207 | D:5      | You pick up a book of Party Tricks and begin reading...
  4207 | D:5      | You add the spells Apportation and Alistair's Intoxication
                  | to your library.
  4292 | D:5      | Found a faded altar of an unknown god.
  4292 | D:5      | Found the Hermit's Pendant {Faith Invo=14 Evo=0 MP+5}
  4306 | D:5      | Reached skill level 5 in Transmutations
  4462 | D:5      | Noticed Blork the orc
  4482 | D:5      | Killed Blork the orc
  4483 | D:5      | Reached skill level 4 in Spellcasting
  4483 | D:5      | Reached skill level 3 in Ice Magic
  4488 | D:5      | Noticed Menkaure
  4491 | D:5      | Killed Menkaure
  4492 | D:5      | Reached XP level 8. HP: 30/54 MP: 4/14
  5024 | D:5      | Noticed Edmund
  5034 | D:5      | Killed Edmund
  5264 | D:6      | Reached skill level 6 in Transmutations
  5264 | D:6      | Reached skill level 4 in Ice Magic
  5281 | D:6      | Gained mutation: You are somewhat resistant to further
                  | mutation. [potion of mutation]
  5336 | D:6      | Reached skill level 5 in Unarmed Combat
  5361 | D:6      | Found a sand-covered staircase.
  5370 | Ossuary  | Entered an ossuary
  5419 | Ossuary  | Gained mutation: You have a tail ending in a sharp stinger.
                  | [demonic ancestry]
  5419 | Ossuary  | Reached XP level 9. HP: 24/59 MP: 3/16
  5713 | D:6      | Reached skill level 5 in Ice Magic
  5753 | D:6      | Reached skill level 5 in Spellcasting
  5796 | D:6      | Reached skill level 7 in Transmutations
  6057 | D:6      | Found Aruq's Gadget Gallery.
  6112 | D:6      | You pick up a book of Vapours and begin reading...
  6112 | D:6      | You add the spells Poisonous Vapours, Cigotuvi's Dreadful
                  | Rot and Mephitic Cloud to your library.
  6879 | D:7      | Reached skill level 6 in Ice Magic
  6910 | D:7      | Learned a level 6 spell: Statue Form
  7040 | D:7      | Reached skill level 1 in Earth Magic
  7154 | D:7      | Found a staircase to the Ecumenical Temple.
  7160 | Temple   | Entered the Ecumenical Temple
  7245 | D:7      | Noticed Maggie
  7503 | D:7      | Reached skill level 6 in Unarmed Combat
  7508 | D:7      | Found a sacrificial altar of Ru.
  7528 | D:7      | Became a worshipper of Ru the Awakened
  7921 | D:7      | Reached skill level 2 in Earth Magic
  7971 | D:8      | Reached skill level 8 in Transmutations
  8091 | D:8      | Gained mutation: Spells you cast may paralyse nearby
                  | enemies. [demonic ancestry]
  8091 | D:8      | Reached XP level 10. HP: 65/65 MP: 10/18
  8451 | D:8      | Noticed Pikel
  8472 | D:8      | Killed Pikel
  8473 | D:8      | Reached skill level 6 in Spellcasting
  8473 | D:8      | Reached skill level 3 in Earth Magic
  8625 | D:8      | You pick up a book of Winter and begin reading...
  8625 | D:8      | You add the spells Ozocubu's Armour, Metabolic Englaciation
                  | and Simulacrum to your library.
  8653 | D:8      | You pick up a book of the Earth and begin reading...
  8696 | D:8      | Found a runed translucent door.
  8697 | D:8      | Found a shimmering altar of Xom.
  8697 | D:8      | Noticed initializr's ghost (novice HOFE)
  8697 | D:8      | Noticed a +0 long sword of chaos
  8726 | D:8      | Found Nink's Jewellery Boutique.
  8877 | D:8      | Found Tiuckuar's Assorted Antiques.
  8900 | D:8      | Bought a fuming puce potion for 25 gold pieces
  8953 | D:8      | Found a runed translucent door.
  9081 | D:8      | Found a runed translucent door.
  9419 | D:9      | You pick up a book of Blood and begin reading...
  9419 | D:9      | You add the spells Sublimation of Blood and Summon Hydra to
                  | your library.
  9892 | D:9      | Reached skill level 2 in Dodging
 10028 | D:9      | Reached skill level 4 in Earth Magic
 10093 | D:9      | Found a staircase to the Lair.
 10421 | D:9      | Noticed Harold
 10435 | D:9      | Killed Harold
 10436 | D:9      | Reached skill level 2 in Fighting
 10436 | D:9      | Reached skill level 7 in Unarmed Combat
 10613 | D:9      | Reached skill level 9 in Transmutations
 10762 | D:10     | Entered Level 10 of the Dungeon
 11086 | D:10     | Noticed a gargoyle
 11099 | D:10     | Killed a gargoyle
 11100 | D:10     | Gained mutation: Spells you cast and wands you use may
                  | paralyse nearby enemies. [demonic ancestry]
 11100 | D:10     | Reached XP level 11. HP: 73/73 MP: 10/20
 11312 | D:10     | Reached skill level 5 in Earth Magic
 11723 | D:11     | Noticed Gastronok
 11771 | D:11     | Identified 2 scrolls of acquirement
 11771 | D:11     | Acquired 853 gold pieces
 11773 | D:11     | Acquired a book of Transfigurations
 11774 | D:11     | You pick up a book of Transfigurations and begin reading...
 11774 | D:11     | You add the spells Irradiate, Blade Hands and Dragon Form
                  | to your library.
 11781 | D:11     | Learned a level 5 spell: Blade Hands
 11822 | D:11     | Reached skill level 3 in Dodging
 12299 | D:11     | HP: 17/74 [killer bee (5)]
 12304 | D:11     | Noticed a boulder beetle
 12304 | D:11     | HP: 9/74 [poisoned by a killer bee]
 12309 | D:11     | HP: 8/74 [poisoned by a killer bee]
 12405 | D:11     | Killed a boulder beetle
 12406 | D:11     | Reached skill level 3 in Fighting
 12697 | D:11     | Reached skill level 8 in Unarmed Combat
 12697 | D:11     | Reached skill level 7 in Spellcasting
 12842 | D:11     | Reached skill level 6 in Earth Magic
 12883 | D:11     | Killed Gastronok
 13384 | D:12     | Reached skill level 4 in Dodging
 13384 | D:12     | Reached skill level 10 in Transmutations
 13568 | D:12     | Reached skill level 4 in Fighting
 13652 | D:12     | Identified the +7 long sword of Jaulikki {flame, Dex+5}
 13686 | D:12     | Found a staircase to the Orcish Mines.
 13735 | D:12     | Noticed a red ugly thing
 13747 | D:12     | Killed a cyan ugly thing
 13861 | D:12     | Gained mutation: Your presence sometimes corrodes those you
                  | injure. [demonic ancestry]
 13861 | D:12     | Reached XP level 12. HP: 80/83 MP: 16/22
 14010 | D:12     | You pick up a book of Power and begin reading...
 14320 | Lair:1   | Entered Level 1 of the Lair of Beasts
 14334 | Lair:1   | Noticed Amaemon
 14346 | Lair:1   | Killed Amaemon
 14355 | Lair:1   | Reached skill level 7 in Earth Magic
 14370 | Lair:1   | Found a dark tunnel.
 14378 | Volcano  | Entered a volcano
 14529 | Volcano  | HP: 21/84 [skeletal warrior/+1 halberd of flaming (19)]
 14570 | Volcano  | HP: 8/84 [skeletal warrior/+1 halberd of flaming (16)]
 14571 | Volcano  | Mangled by a skeletal warrior

Vanquished Creatures
  Gastronok (D:11)
  Harold (D:9)
  A boulder beetle (D:11)
  Amaemon (Lair:1)
  An ugly thing (D:12)
  Pikel (D:8)
  A deep elf pyromancer (D:12)
  2 cyclopes
  2 gargoyles
  An orange demon (Lair:1)
  A komodo dragon (Lair:1)
  7 trolls
  7 slime creatures
  3 flying skulls (Volcano)
  2 shadows
  3 wyverns
  2 water elementals (D:11)
  A wraith (D:10)
  2 vampires
  8 yaks
  2 vampire mosquitoes (D:11)
  Menkaure (D:5)
  Edmund (D:5)
  A steam dragon (D:10)
  3 acid dragons
  2 ice beasts
  6 orc warriors
  3 sky beasts
  7 ogres
  A centaur (D:7)
  Blork the orc (D:5)
  5 kobold brigands
  4 elf zombies
  2 necrophages
  3 elf skeletons (D:6)
  2 bullfrogs
  3 scorpions
  3 gnoll sergeants
  11 killer bees
  2 electric eels (D:11)
  5 hounds
  3 human zombies
  8 orc priests
  A jelly (D:8)
  4 gnoll boudas
  An iguana (D:5)
  Natasha (thrice) (D:3)
  8 orc wizards
  2 hound zombies (Ossuary)
  4 mummies (Ossuary)
  46 gnolls
  9 adders
  A shadow imp (D:7)
  3 white imps
  3 worms
  5 dart slugs
  29 orcs
  15 ball pythons
  8 bats
  3 endoplasms
  5 giant cockroaches
  6 goblins
  8 hobgoblins
  A jackal (D:8)
  13 kobolds
  5 quokkas
  3 frilled lizards
  2 gnoll zombies (Ossuary)
  A hobgoblin zombie (Ossuary)
  A jackal zombie (Ossuary)
  2 orc zombies (Ossuary)
  10 rats
329 creatures vanquished.

Vanquished Creatures (collateral kills)
  A kobold demonologist (D:11)
  2 centaurs
  A gnoll bouda (D:8)
  An orc wizard (D:11)
  An iguana (D:6)
  3 orcs
9 creatures vanquished.

Vanquished Creatures (others)
  An orc (D:10)
  A kobold (D:11)
  32 plants (D:11)
34 creatures vanquished.

Grand Total: 372 creatures vanquished

Table legend:
 A = Non-vault XP
 B = Vault XP
 C = Vault XP percentage of total XP
 D = Non-vault monster count
 E = Vault monster count
 F = Vault count percentage of total count
                 A         B        C        D         E       F
            +---------+---------+-------+---------+---------+-------
      Total |   20031 |    6572 |  24.7 |     284 |      54 |  16.0
            +---------+---------+-------+---------+---------+-------
        D:1 |      47 |       0 |   0.0 |      27 |       0 |   0.0
        D:2 |     103 |       0 |   0.0 |      28 |       0 |   0.0
        D:3 |     139 |      35 |  20.1 |      18 |       1 |   5.3
        D:4 |     362 |       2 |   0.5 |      24 |       1 |   4.0
        D:5 |     683 |     579 |  45.9 |      11 |       4 |  26.7
        D:6 |    1053 |     491 |  31.8 |      24 |       6 |  20.0
        D:7 |    1448 |      30 |   2.0 |      30 |       4 |  11.8
        D:8 |     984 |     890 |  47.5 |      20 |      15 |  42.9
        D:9 |    1955 |     857 |  30.5 |      25 |       1 |   3.8
       D:10 |    1867 |       0 |   0.0 |      18 |       0 |   0.0
       D:11 |    5954 |    1455 |  19.6 |      40 |       1 |   2.4
       D:12 |    4449 |       0 |   0.0 |      15 |       0 |   0.0
     Lair:1 |     987 |    1188 |  54.6 |       4 |       2 |  33.3
    Ossuary |       0 |     398 | 100.0 |       0 |      16 | 100.0
    Volcano |       0 |     647 | 100.0 |       0 |       3 | 100.0
            +---------+---------+-------+---------+---------+-------

Illustrated notes

Table legend:
 A = Kills in this place as a percentage of kills in entire the game.
 B = Kills by you in this place as a percentage of kills by you in the entire game.
 C = Kills by friends in this place as a percentage of kills by friends in the entire game.
 D = Other kills in this place as a percentage of other kills in the entire game.
 E = Experience gained in this place as a percentage of experience gained in the entire game.
 F = Experience gained in this place divided by the number of levels of this place that you have seen.
                   A       B       C       D       E      F
               +-------+-------+-------+-------+-------+----------------------
         Total | 100.0 | 100.0 | 100.0 |   N/A | 100.0 | 1662.7
       Dungeon |  92.6 |  92.4 | 100.0 |   N/A |  87.9 | 1948.6
          Lair |   1.8 |   1.8 |   0.0 |   N/A |   8.2 | 2175.0
       Ossuary |   4.7 |   4.9 |   0.0 |   N/A |   1.5 | 398.0
       Volcano |   0.9 |   0.9 |   0.0 |   N/A |   2.4 | 647.0
               +-------+-------+-------+-------+-------+----------------------

Table legend: (Time is in decaauts)
 A = Elapsed time spent in this place.
 B = Non-inter-level travel time spent in this place.
 C = Inter-level travel time spent in this place.
 D = Time resting spent in this place.
 E = Time spent auto-exploring this place.
 F = Levels seen in this place.
 G = Mean time per level.
                   A        B        C        D        E       F      G
               +--------+--------+--------+--------+--------+-----+--------+
         Total |  14521 |  14019 |    502 |   1183 |  10229 |  16 |  907.6 |
       Dungeon |  13862 |  13383 |    479 |   1112 |   9934 |  12 | 1155.2 |
        Temple |     71 |     63 |      8 |      0 |     18 |   1 |   71.0 |
          Lair |     76 |     61 |     15 |      0 |      0 |   1 |   76.0 |
       Ossuary |    322 |    322 |      0 |     57 |    175 |   1 |  322.0 |
       Volcano |    188 |    188 |      0 |     14 |    102 |   1 |  188.0 |
               +--------+--------+--------+--------+--------+-----+--------+

Top non-repeatable levels by time:
    D:11: 1558 daAuts
     D:9: 1420 daAuts
     D:8: 1400 daAuts
     D:7: 1315 daAuts
     D:4: 1227 daAuts
     D:5: 1195 daAuts
     D:2: 1184 daAuts
     D:6: 1139 daAuts
    D:12: 927 daAuts
    D:10: 864 daAuts
     D:1: 848 daAuts
     D:3: 781 daAuts
 Ossuary: 322 daAuts
 Volcano: 188 daAuts
  Lair:1: 76 daAuts
